 Dungeon Crawl Stone Soup version 0.20.0-1-g1cb1d84 (webtiles) character file.

7964 MDvedh the Cleaver (level 11, 0/102 HPs)
             Began as a Minotaur Monk on May 26, 2017.
             Was a High Priest of Okawaru.
             Slain by an eight-headed hydra (7 damage)
             ... on level 12 of the Dungeon.
             The game lasted 00:15:37 (9255 turns).

MDvedh the Cleaver (Minotaur Monk)                  Turns: 9255, Time: 00:15:38

Health: 0/102      AC: 16    Str: 19      XL:     11   Next: 3%
Magic:  6/8        EV: 13    Int:  7      God:    Okawaru [*****.]
Gold:   240        SH:  0    Dex: 16 (17) Spells: 10/10 levels left

rFire    . . .     SeeInvis .   o - +2 whip (freeze)
rCold    . . .     Gourm    .   (no shield)
rNeg     . . .     Faith    .   A - +0 plate armour
rPois    .         Spirit   .   (helmet restricted)
rElec    .         Reflect  .   (no cloak)
rCorr    .         Harm     .   (no gloves)
MR       .....                  a - +0 pair of boots
Stlth    ..........             (no amulet)
Regen    0.3/turn               u - ring of loudness (curse)
MPRegen  0.2/turn               (no ring)

@: heroism
A: retaliatory headbutt, horns 2, agile 1, deterioration 1, low mp 1, robust 1,
strong 1, wild magic 1
a: Heroism, Finesse, Renounce Religion


You were on level 12 of the Dungeon.
You worshipped Okawaru.
Okawaru was extremely pleased with you.
You were not hungry.

You visited 2 branches of the dungeon, and saw 11 of its levels.

You collected 432 gold pieces.
You spent 192 gold pieces at shops.

Inventory:

Hand Weapons
 l - a +3 war axe
 o - a +2 whip of freezing (weapon)
Armour
 a - a +0 pair of boots (worn)
 A - a +0 plate armour (worn)
Jewellery
 p - an uncursed amulet of guardian spirit {unknown}
 q - a +2 amulet of reflection {unknown}
 u - a cursed ring of loudness (left hand)
 C - a cursed amulet of inaccuracy {unknown}
 G - an uncursed amulet of guardian spirit {unknown}
 L - an uncursed amulet of the gourmand {unknown}
Wands
 y - a wand of polymorph (16/24)
 E - a wand of random effects (34/48)
 H - a wand of paralysis (7/24)
 K - a wand of iceblast (5/15)
Scrolls
 d - 5 scrolls of teleportation {unknown}
 h - 2 scrolls of fear {unknown}
 i - 2 scrolls of noise {unknown}
 k - a scroll of remove curse
 m - 4 scrolls of magic mapping
 v - 3 scrolls of blinking
 w - a scroll of summoning {unknown}
 x - 4 scrolls of enchant armour
 D - 5 scrolls of identify
 J - a scroll of enchant weapon {unknown}
Potions
 b - 2 potions of haste {unknown}
 e - 8 potions of curing
 f - 2 potions of flight
 g - 2 potions of brilliance
 r - 2 potions of might
 s - 2 potions of agility {unknown}
 t - a potion of resistance {unknown}
 F - 2 potions of heal wounds {unknown}
 I - a potion of mutation {unknown}
Books
 z - the Grimoire of the Unstable Birds
   (You found it on level 5 of the Dungeon)

   Spells                             Type                      Level
   a - Shock                          Conjuration/Air              1
   b - Spider Form                    Transmutation/Poison         3
   c - Lightning Bolt                 Conjuration/Air              5
   d - Blade Hands                    Transmutation                5
   e - Statue Form                    Transmutation/Earth          6
Comestibles
 c - 4 bread rations
 j - 5 chunks of flesh
 n - 13 fruits
 B - 2 royal jellies
 M - 2 mutagenic chunks of flesh


   Skills:
 + Level 7.7(12.7) Fighting
 * Level 13.4(19.4) Axes
 - Level 9.4(17.5) Maces & Flails
 + Level 6.8(11.8) Armour
 + Level 7.3(12.3) Dodging
 - Level 1.5(6.5) Stealth


You had 10 spell levels left.
You didn't know any spells.

Dungeon Overview and Level Annotations

Branches:
Dungeon (9/15)             Temple (1/1) D:5
   Lair: D:8-11         Orc: D:9-12

Altars:
Cheibriados
Dithmenos
Elyvilon
Fedhas
Gozag
Hepliaklqana
Kikubaaqudgha
Makhleb
Nemelex Xobeh
Okawaru
Qazlal
Ru
Sif Muna
Uskayaw
Vehumet
Xom
Yredelemnul
Zin
The Shining One

Shops:
D:4 (   D:5 (   D:6 (*??   D:7 :

Annotations:
D:4 MDvedh's ghost, amateur GrFi
D:5 1 transporter
D:9 4 exclusions


Innate Abilities, Weirdness & Mutations

You reflexively headbutt those who attack you in melee.
You have a pair of horns on your head.
You are agile. (Dex +2)
Your body sometimes deteriorates upon taking damage.
Your magical capacity is low. (-10% MP)
You are robust. (+10% HP)
Your muscles are strong. (Str +2)
Your spells are a little harder to cast, but a little more powerful.


Message History

The eight-headed hydra bites you!
* * * LOW HITPOINT WARNING * * *
The eight-headed hydra bites you but does no damage.
The eight-headed hydra barely misses you. x2
You hit the eight-headed hydra.
The eight-headed hydra seems to slow down.
You freeze the eight-headed hydra. You headbutt the eight-headed hydra!
The eight-headed hydra is almost dead.
The crocodile is no longer moving slowly.
Unknown command.
You whack the eight-headed hydra! You freeze the eight-headed hydra.
Your headbutt misses the eight-headed hydra.
The eight-headed hydra is almost dead.
The eight-headed hydra bites you!
* * * LOW HITPOINT WARNING * * *
The eight-headed hydra bites you.
* * * LOW HITPOINT WARNING * * *
The eight-headed hydra bites you but does no damage.
The eight-headed hydra bites you!
You die...

..# #...#.....# ..#
...#.....#
..############'#.....##
....##..#..#..........#
....'......#.........>#
....#......#..........#
....########..........#
#####.........#D###........
#.........#.@.#........
.........#...#........
.........#..##........
##'#..).######'##'##.
......#..'....# .. ..#
......#..#....# .. .#
......#..#....# ......#.
#....# ......####....#


You could see an eight-headed hydra.

Vanquished Creatures
  An unseen horror (D:12)
  Pikel (D:3)
  3 manticores (D:12)
  Psyche (D:8)
  A gargoyle (D:12)
  A troll (D:12)
  3 hippogriffs
  A meliai zombie (D:12)
  8 yaks (D:12)
  A steam dragon (D:8)
  A water moccasin (D:12)
  An ice beast (D:8)
  2 orc warriors
  A slave (D:3)
  A black bear (D:8)
  5 sky beasts
  A phantom (D:6)
  5 ogres
  3 centaurs
  3 bullfrogs
  A gnoll sergeant (D:6)
  5 scorpions
  A water moccasin skeleton (D:12)
  A killer bee (D:9)
  2 crimson imps
  A hound (D:6)
  A quasit (D:9)
  3 orc wizards
  3 orc priests
  Ijyb (D:5)
  2 bullfrog skeletons (D:8)
  Jessica (D:2)
  2 iguanas
  3 worker ants
  A hound zombie (D:6)
  A howler monkey skeleton (D:8)
  10 adders
  8 gnolls
  2 shadow imps (D:6)
  An adder skeleton (D:5)
  3 worms
  A dart slug (D:2)
  5 leopard geckos
  14 orcs
  10 giant cockroaches
  5 goblins
  4 hobgoblins
  5 jackals
  3 kobolds
  3 quokkas
  A ball python (D:1)
  6 bats
  4 frilled lizards
  A quokka skeleton (D:5)
  11 rats
  A plant (D:9)
171 creatures vanquished.

Vanquished Creatures (others)
  2 slaves (D:4)
  A jackal skeleton (D:4)
3 creatures vanquished.

Grand Total: 174 creatures vanquished

Notes
Turn   | Place    | Note
-------+----------+-------------------------------------------
     0 | D:1      | MDvedh the Minotaur Monk began the quest for the Orb.
     0 | D:1      | Reached XP level 1. HP: 19/19 MP: 0/0
   115 | D:1      | Reached skill level 4 in Axes
   333 | D:1      | Reached XP level 2. HP: 20/26 MP: 1/1
   654 | D:2      | Reached skill level 1 in Maces & Flails
  1065 | D:2      | Reached XP level 3. HP: 30/31 MP: 2/2
  1104 | D:2      | Noticed Jessica
  1110 | D:2      | Killed Jessica
  1150 | D:2      | Reached XP level 4. HP: 9/39 MP: 3/3
  1992 | D:3      | Found an iron altar of Okawaru.
  2906 | D:4      | Reached skill level 5 in Maces & Flails
  2906 | D:4      | Reached XP level 5. HP: 20/45 MP: 4/4
  3039 | D:4      | Found a sacrificial altar of Ru.
  3145 | D:4      | Found a blossoming altar of Fedhas.
  3223 | D:4      | Noticed an ogre
  3271 | D:4      | Found Ikyxawk's Antique Weapon Emporium.
  3332 | D:4      | Noticed Pikel
  3332 | D:4      | Noticed a slave
  3332 | D:4      | Noticed a slave
  3332 | D:4      | Noticed a slave
  3332 | D:4      | Noticed a slave
  3332 | D:4      | Noticed MDvedh's ghost (amateur GrFi)
  3353 | D:3      | Killed a slave
  3385 | D:3      | Killed Pikel
  3385 | D:3      | Reached XP level 6. HP: 23/51 MP: 5/5
  3385 | D:3      | Reached XP level 7. HP: 26/57 MP: 6/6
  3760 | D:4      | Bought a glowing war axe for 110 gold pieces
  3800 | D:5      | Entered Level 5 of the Dungeon
  3821 | D:5      | Found a shadowy altar of Dithmenos.
  3845 | D:5      | Found a staircase to the Ecumenical Temple.
  3893 | D:5      | Reached skill level 5 in Axes
  4073 | D:5      | Found Lythrula's Weapon Shoppe.
  4197 | D:6      | Found Usas's Weapon Shoppe.
  4229 | Temple   | Entered the Ecumenical Temple
  4417 | D:5      | Noticed Ijyb
  4435 | D:5      | Killed Ijyb
  4456 | D:5      | Reached skill level 6 in Axes
  4508 | D:5      | Identified the Grimoire of the Unstable Birds
  4774 | D:5      | Reached XP level 8. HP: 59/64 MP: 7/7
  4818 | D:3      | Became a worshipper of Warmaster Okawaru
  4818 | D:3      | Reached * piety under Okawaru
  4818 | D:3      | Reached ** piety under Okawaru
  5170 | D:6      | Found Vegey's Magic Scroll Shop.
  5176 | D:6      | Bought a scroll of blinking for 82 gold pieces
  5231 | D:6      | Reached skill level 7 in Axes
  5358 | D:6      | Found Parcheps's Magic Scroll Shoppe.
  5439 | D:6      | Reached skill level 8 in Axes
  5578 | D:6      | Found Witaloel's General Store.
  5732 | D:6      | Reached skill level 9 in Axes
  5738 | D:6      | Gained mutation: Your spells are a little harder to cast, but a little more powerful. [mutagenic meat]
  5739 | D:6      | Gained mutation: Your body sometimes deteriorates upon taking damage. [mutagenic meat]
  5740 | D:6      | Gained mutation: You are agile. (Dex +2) [mutagenic meat]
  5741 | D:6      | Gained mutation: Your muscles are strong. (Str +2) [mutagenic meat]
  6117 | D:7      | Found Uxenlao's Book Shop.
  6117 | D:7      | Noticed a hippogriff
  6126 | D:7      | Killed a hippogriff
  6126 | D:7      | Reached *** piety under Okawaru
  6126 | D:7      | Reached skill level 10 in Axes
  6192 | D:7      | You fall through a shaft!
  6195 | D:8      | Noticed Psyche
  6199 | D:8      | Paralysed by Psyche for 4 turns
  6208 | D:8      | Killed Psyche
  6208 | D:8      | Reached skill level 1 in Armour
  6208 | D:8      | Reached XP level 9. HP: 49/71 MP: 5/8
  6499 | D:8      | Received a gift from Okawaru
  6515 | D:8      | Reached skill level 11 in Axes
  6524 | D:8      | Reached skill level 5 in Fighting
  7050 | D:8      | Found a white marble altar of Elyvilon.
  7051 | D:8      | Found a glowing golden altar of the Shining One.
  7053 | D:8      | Found a glowing silver altar of Zin.
  7089 | D:8      | Found a snail-covered altar of Cheibriados.
  7161 | D:8      | Reached skill level 5 in Dodging
  7243 | D:8      | Found an opulent altar of Gozag.
  7244 | D:8      | Found a sparkling altar of Nemelex Xobeh.
  7249 | D:8      | Reached **** piety under Okawaru
  7783 | D:9      | Found a sacrificial altar of Ru.
  7840 | D:9      | You fall through a shaft for 3 floors!
  7840 | D:12     | Noticed a gargoyle
  7848 | D:12     | Killed a gargoyle
  7848 | D:12     | Reached skill level 5 in Armour
  7848 | D:12     | Reached XP level 10. HP: 64/83 MP: 6/9
  7918 | D:12     | Killed an unseen horror
  7918 | D:12     | Reached skill level 12 in Axes
  8359 | D:12     | Noticed a manticore
  8366 | D:12     | Killed a manticore
  8366 | D:12     | Received a gift from Okawaru
  8596 | D:12     | Noticed a manticore
  8607 | D:12     | Killed a manticore
  8623 | D:12     | Reached ***** piety under Okawaru
  8767 | D:12     | Noticed a manticore
  8778 | D:12     | Killed a manticore
  8963 | D:12     | Received a gift from Okawaru
  8964 | D:12     | Reached skill level 13 in Axes
  9072 | D:12     | Received a gift from Okawaru
  9191 | D:12     | Reached XP level 11. HP: 81/93 MP: 10/10
  9195 | D:12     | Gained mutation: Your magical capacity is low. (-10% MP) [mutagenic meat]
  9196 | D:12     | Gained mutation: You are robust. (+10% HP) [mutagenic meat]
  9238 | D:12     | Noticed an eight-headed hydra
  9255 | D:12     | Slain by an eight-headed hydra

Skill      XL: |  1  2  3  4  5  6  7  8  9 10 |
---------------+-------------------------------+-----
Axes           | 4 6 10 11 13 | 13.4
Maces & Flails | 2 3 5 9 |  9.4
Fighting       | 4 6 7 |  7.7
Armour         | 1 5 6 |  6.8
Dodging        | 5 7 |  7.3
Stealth        | |  1.5

Action                   |  1- 3 |  4- 6 |  7- 9 | 10-12 || total
-------------------------+-------+-------+-------+-------++-------
Melee: Hand axe          |    14 |       |       |       ||    14
       Headbutt          |    12 |     6 |    59 |    31 ||   108
       Whip              |    35 |   116 |     7 |     8 ||   166
       War axe           |       |       |   273 |   103 ||   376
       Unarmed           |       |       |     5 |       ||     5
       Punch             |       |       |       |     2 ||     2
Invok: Heroism           |       |       |     3 |     3 ||     6
  Use: Scroll            |       |     7 |     4 |       ||    11
       Potion            |       |     1 |     1 |     1 ||     3
 Stab: Sleeping          |     4 |     3 |       |       ||     7
       Distracted        |       |     1 |       |       ||     1
  Eat: Chunk             |     1 |     6 |    13 |     5 ||    25
       Meat ration       |       |       |     1 |       ||     1
       Royal jelly       |       |       |       |     1 ||     1
Armor: Robe              |     2 |    10 |       |       ||    12
       Skin              |       |    29 |     2 |    16 ||    47
       Ring mail         |       |       |    14 |       ||    14
       Plate armour      |       |       |   146 |    79 ||   225
Dodge: Dodged            |    22 |    33 |   122 |    63 ||   240
